 Dungeon Crawl Stone Soup version 0.19.5 (webtiles) character file.

32 tricornhat the Slasher (level 3, 0/27 HPs)
             Began as a Demonspawn Gladiator on Mar 10, 2017.
             Succumbed to an adder's poison
             ... on level 2 of the Dungeon.
             The game lasted 00:05:05 (719 turns).

tricornhat the Slasher (Demonspawn Gladiator)        Turns: 719, Time: 00:05:06

Health: 0/27       AC:  5    Str: 15    XL:     3   Next: 10%
Magic:  3/3        EV: 13    Int: 14    God:
Gold:   79         SH:  0    Dex: 14    Spells: 0 memorised, 2 levels left

rFire  . . .     SeeInvis .     a - +0 long sword
rCold  . . .     Gourm    .     b - +0 leather armour
rNeg   . . .     Faith    .     (no shield)
rPois  .         Spirit   .     c - +0 helmet
rElec  .         Reflect  .     (no cloak)
rCorr  .         Harm     .     h - +0 pair of gloves
MR     +....                    (no boots)
Stlth  +.........               (no amulet)
                                (no ring)
                                (no ring)

@: brilliant, lethally poisoned (0 -> -5)
A: claws 1, talons 1, magic resistance 1
a: no special abilities


You were on level 2 of the Dungeon.
You were not hungry.

You visited 1 branch of the dungeon, and saw 2 of its levels.

You collected 79 gold pieces.

Inventory:

Hand Weapons
 a - a +0 long sword (weapon)
Missiles
 d - 3 throwing nets (quivered)
Armour
 b - a +0 leather armour (worn)
 c - a +0 helmet (worn)
 h - a +0 pair of gloves (worn)
Jewellery
 j - an uncursed amulet of the gourmand
 k - an uncursed amulet of magic regeneration
Scrolls
 e - a scroll of noise {unknown}
 g - a scroll of immolation {unknown}
 l - a scroll of amnesia {unknown}
 m - a scroll of enchant armour {unknown}
Potions
 i - a potion of brilliance
Comestibles
 f - a bread ration


   Skills:
 + Level 2.2 Fighting
 + Level 3.1 Long Blades
 + Level 1.9 Throwing
 + Level 0.3 Armour
 + Level 3.0 Dodging
 + Level 0.8 Stealth


You had 2 spell levels left.
You didn't know any spells.

Dungeon Overview and Level Annotations

Branches:
Dungeon (2/15)

Altars:


Innate Abilities, Weirdness & Mutations

You have sharp fingernails.
You have sharp toenails.
You are resistant to hostile enchantments. (MR+)


Message History

You feel fantastic! The adder barely misses you.
You riposte.
You closely miss the adder. Your kick misses the adder.
The adder is almost dead.
You closely miss the adder. You claw the adder.
You kill the adder!
You have reached level 3!
Your experience leads to an increase in your attributes!
Your base attributes are Str 15, Int 9, Dex 13.
Increase (S)trength, (I)ntelligence, or (D)exterity?
You feel agile.
Your demonic ancestry asserts itself...
Your fingernails lengthen.
* * * LOW HITPOINT WARNING * * *
You feel sick. The bat hits you but does no damage. The bat closely misses you.
* * * LOW HITPOINT WARNING * * *
You feel sick. The bat misses you.
You riposte.
You slash the bat!
You kill the bat!
You see here a bat corpse.
* * * LOW HITPOINT WARNING * * *
You feel sick.
You die...

#....# ##....# ##.....#
...#..########## #
###.#............ ...
................
###..####.##...........
.......<....†..@.......
####.########..........
.............
##.########### #. #


There were no monsters in sight!

Vanquished Creatures
  An adder (D:2)
  A leopard gecko (D:1)
  A giant cockroach (D:2)
  2 goblins (D:1)
  3 hobgoblins (D:1)
  5 kobolds (D:1)
  3 bats
  8 rats
24 creatures vanquished.

Notes
Turn   | Place    | Note
-------+----------+-------------------------------------------
     0 | D:1      | tricornhat the Demonspawn Gladiator began the quest for the Orb.
     0 | D:1      | Reached XP level 1. HP: 16/16 MP: 1/1
   101 | D:1      | Gained mutation: You have sharp toenails. [demonic ancestry]
   101 | D:1      | Reached XP level 2. HP: 20/22 MP: 2/2
   713 | D:2      | Gained mutation: You are resistant to hostile enchantments. (MR+) [potion of beneficial mutation]
   714 | D:2      | Gained mutation: You have sharp fingernails. [demonic ancestry]
   714 | D:2      | Reached XP level 3. HP: 4/27 MP: 3/3
   717 | D:2      | HP: 1/27 [poisoned by an adder]
   719 | D:2      | Succumbed to an adder's poison

Skill      XL: |  1  2 |
---------------+-------+-----
Dodging        | 3 |  3.0
Long Blades    | 3 |  3.1
Fighting       | |  2.2
Throwing       | |  1.9
Armour         | |  0.3
Stealth        | |  0.8

Action                   || total
-------------------------++-------
Melee: Long sword        ||    55
       Kick              ||     5
  Use: Scroll            ||     2
       Potion            ||     2
 Stab: Sleeping          ||     1
Armor: Leather armour    ||    20
Dodge: Dodged            ||    39
       Rpst.: Long sword ||    10
